 Dungeon Sprint DCSS version 0.31-a0-325-g067879e3d3 (webtiles) character file.

Game seed: 13486839197950419085

287 dialectric the Unseen (level 6, 0/32 HPs)
             Began as a Spriggan Brigand on July 19, 2023.
             Slain by a slime creature (5 damage)
             ... in the Dungeon (Sprint I: "Red Sonja").
             The game lasted 00:01:04 (124 turns).

dialectric the Unseen (Spriggan Brigand)             Turns: 124, Time: 00:01:05

Health: 0/32       AC:  3    Str:  7    XL:     6   Next: 8%
Magic:  7/7        EV: 18    Int: 13    God:
Gold:   179        SH:  0    Dex: 18    Spells: 5/5 levels left

rFire   . . .        (weapon restricted)
rCold   . . .        (no shield)
rNeg    . . .        b - +0 robe
rPois   .            (helmet restricted)
rElec   .            c - +0 cloak
rCorr   .            (gloves unavailable)
SInv    +            (boots unavailable)
Will    +....        (no amulet)
Stlth   +++++++      (no ring)
HPRegen 0.25/turn    (no ring)
MPRegen 0.10/turn

%: no teleportation
@: very quick
A: very small, no large weapons, unfitting armour, see invisible, speed 3
a: no special abilities


You were in the Dungeon.
You visited 1 branch You collected 179 gold pieces.

Inventory:

Hand Weapons
 a - a +2 dagger
Missiles
 d - 9 poisoned darts (quivered)
 l - 3 curare-tipped darts
Armour
 b - a +0 robe (worn)
 c - a +0 cloak (worn)
Scrolls
 k - a scroll of blinking
Potions
 f - 2 potions of curing
 g - a potion of heal wounds
 h - a potion of haste
 i - 2 potions of magic
 j - a potion of berserk rage


   Skills:
 + Level 3.4 Fighting
 + Level 4.6 Short Blades
 - Level 2.5 Throwing
 + Level 3.0 Dodging
 + Level 17.6 Stealth
 + Level 0.4 Evocations


You had 5 spell levels left.
You didn't know any spells.
Your spell library was empty.

Dungeon Overview and Level Annotations

Branches:
Dungeon (1/1)

Altars:
Makhleb
Sif Muna
Vehumet
Wu Jian
Xom
Jiyva
Lugonu


Innate Abilities, Weirdness & Mutations

You are very small and have problems with some larger weapons.
You are too small for most types of armour.
You have supernaturally acute eyesight. (SInv)
You cover ground extremely quickly. (Speed+++)


Message History

Press: ? - help, Shift-Dir - straight line, f/p - slime creature
Aim: a slime creature (heavily wounded, 93% to hit)
The puff of flame hits the slime creature!
The slime creature is heavily wounded.
Unknown command.
Aiming: Throw Flame
Press: ? - help, Shift-Dir - straight line, f/p - slime creature
Aim: a slime creature (heavily wounded, 93% to hit)
The puff of flame hits the slime creature.
The slime creature is severely wounded.
The slime creature closely misses you.
Unknown command.
There is an open door here.
Things that are here:
a +0 scythe; a +0 robe
Aiming: Throw Flame
Press: ? - help, Shift-Dir - straight line, f/p - slime creature
Aim: a slime creature (severely wounded, 93% to hit)
The puff of flame hits the slime creature.
The slime creature is severely wounded.
Unknown command.
Aiming: Throw Flame
Press: ? - help, Shift-Dir - straight line, f/p - slime creature
Aim: a slime creature (severely wounded, 93% to hit)
The puff of flame hits the slime creature.
The slime creature is severely wounded.
The slime creature hits you!!
Ouch! That really hurt!
* * * LOW HITPOINT WARNING * * *
There is an open door here.
Aiming: Throw Flame
Press: ? - help, Shift-Dir - straight line, f/p - slime creature
Aim: a slime creature (severely wounded, 93% to hit)
The puff of flame hits the slime creature.
The slime creature is severely wounded.
The now-empty wand crumbles to dust.
Unknown command.
You aren't carrying any items that you can evoke.
You are now empty-handed.
The slime creature hits you.
You die...

###################
#<.#.)'..#.J@..#__#
#..'..#.))..#..'..+
#..#####'#####'#__#
#..# #..# #.####
#..# #### #.# #..#
#_.+ #⌠⌠# ..._#
#### #_.#+# ##+


You could see a slime creature.

Vanquished Creatures
  Sigmund (D)
  An ogre (D)
  A jelly (D)
  Ijyb (D)
4 creatures vanquished.

Notes
Turn   | Place    | Note
-------+----------+-------------------------------------------
     0 | D        | dialectric the Spriggan Brigand began the quest for the
                  | Orb.
     0 | D        | Reached XP level 1. HP: 10/10 MP: 2/2
     2 | D        | Noticed Ijyb
     4 | D        | Killed Ijyb
     5 | D        | Reached skill level 9 in Stealth
     5 | D        | Reached XP level 2. HP: 15/15 MP: 3/3
     7 | D        | Noticed an ogre
     9 | D        | Killed an ogre
    10 | D        | Reached skill level 13 in Stealth
    10 | D        | Reached XP level 3. HP: 19/19 MP: 4/4
    10 | D        | Reached XP level 4. HP: 23/23 MP: 5/5
    12 | D        | Noticed Sigmund
    22 | D        | Killed Sigmund
    23 | D        | Reached skill level 17 in Stealth
    23 | D        | Reached XP level 5. HP: 28/28 MP: 6/6
    52 | D        | Found a shimmering blue altar of Sif Muna.
    53 | D        | Found an ornate altar of the Wu Jian Council.
    54 | D        | Found a radiant altar of Vehumet.
    73 | D        | Reached XP level 6. HP: 32/32 MP: 7/7
    81 | D        | Found a burning altar of Makhleb.
    81 | D        | Found a shimmering altar of Xom.
    81 | D        | Noticed a slime creature
    82 | D        | Found a viscous altar of Jiyva.
    82 | D        | Found a corrupted altar of Lugonu.
   124 | D        | Slain by a slime creature

Illustrated notes

Levels and vault maps discovered:
D:        dungeon_sprint_1 [red_sonja_temple_1, red_sonja_temple_small_1]

Skill      XL: |  1  2  3  4  5 |
---------------+----------------+-----
Fighting       | 2 3 |  3.4
Stealth        | 9 13 17 | 17.6
Short Blades   | 3 4 |  4.6
Dodging        | 2 3 |  3.0
Throwing       | |  2.5
Evocations     | |  0.4

Action                     |  1- 3 |  4- 6 || total
---------------------------+-------+-------++-------
  Melee: Dagger            |     2 |     2 ||     4
  Throw: Dart              |       |     3 ||     3
  Evoke: Wand              |       |    17 ||    17
   Stab: Sleeping          |     2 |       ||     2
 Armour: Robe              |       |     1 ||     1
  Dodge: Dodged            |       |     6 ||     6

Table legend: (Time is in decaauts)
 A = Elapsed time spent in this place.
 B = Non-inter-level travel time spent in this place.
 C = Inter-level travel time spent in this place.
 D = Time resting spent in this place.
 E = Time spent auto-exploring this place.
 F = Levels seen in this place.
 G = Mean time per level.
                   A        B        C        D        E       F      G
               +--------+--------+--------+--------+--------+-----+--------+
         Total |     91 |     91 |      0 |      0 |      0 |   1 |   91.0 |
       Dungeon |     91 |     91 |      0 |      0 |      0 |   1 |   91.0 |
               +--------+--------+--------+--------+--------+-----+--------+

Top non-repeatable levels by time:
       D: 91 daAuts
